 Dungeon Crawl Stone Soup version 0.17-a0-1685-g57e755e (webtiles) character file.

204 MikeDS the Shooter (level 5, -5/45 HPs)
             Began as a Centaur Hunter on Aug 16, 2015.
             Killed from afar by Duvessa (11 damage)
             ... with a wand of flame
             ... on level 4 of the Dungeon on Aug 19, 2015.
             The game lasted 00:18:26 (3529 turns).

MikeDS the Shooter (Centaur Hunter)                 Turns: 3529, Time: 00:18:27

Health: -5/45      AC:  4    Str: 14      XL:     5   Next: 52%
Magic:  5/5        EV: 10    Int: 13 (15) God:
Gold:   151        SH:  0    Dex: 11      Spells: 0 memorised, 4 levels left

rFire  . . .     SeeInvis .     a - +1 shortbow
rCold  . . .     Clarity  +     d - +0 leather armour
rNeg   . . .     SustAt   .     (no shield)
rPois  .         Gourm    .     (no helmet)
rElec  .         Spirit   .     (no cloak)
rCorr  .         Warding  .     (no gloves)
rMut   .         Stasis   .     (no barding)
MR     .....                    i - amulet of clarity
Stlth  +.........               (no ring)
                                (no ring)

@: brilliant, glowing, very quick, not resistant to hostile enchantments, very
unstealthy
A: hooves 3, deformed body, speed 2, tough skin 3
a: no special abilities


You were on level 4 of the Dungeon.
You were not hungry.

You visited 1 branch of the dungeon, and saw 4 of its levels.

You collected 151 gold pieces.

Inventory:

Hand weapons
 a - a +1 shortbow (weapon)
 c - a +0 short sword
Missiles
 b - 15 arrows (quivered)
Armour
 d - a +0 leather armour (worn)
Jewellery
 i - an amulet of clarity (around neck)
 q - a +6 ring of protection {unknown}
 r - an uncursed ring of protection from cold {unknown}
Magical devices
 k - a wand of random effects (24)
Scrolls
 h - a scroll of immolation
 j - a scroll of magic mapping
 l - 3 scrolls of identify
 m - a scroll of enchant armour {unknown}
 p - a scroll of random uselessness {unknown}
Potions
 o - a potion of agility {unknown}
Comestibles
 e - a bread ration
 s - a slice of pizza
 t - 2 fruits
 u - a beef jerky


   Skills:
 + Level 3.3 Fighting
 + Level 6.3 Bows
 + Level 2.6 Dodging
 - Level 0.5 Stealth
 + Level 2.1 Unarmed Combat


You had 4 spell levels left.
You didn't know any spells.

Dungeon Overview and Level Annotations

Branches:
Dungeon (4/15)
 Temple: D:4-7

Altars:

Annotations:
D:3 Grinder
D:4 Dowan, Duvessa


Innate Abilities, Weirdness & Mutations

You have hooves in place of feet.
Armour fits poorly on your strangely shaped body.
You cover ground very quickly.
You have extremely tough skin (AC +3).


Message History

Drink which item? (? for menu, Esc to quit)
It was a potion of heal wounds.
You feel much better.
Dowan gestures wildly while chanting.
Dowan blinks!
Duvessa zaps a wand.
The puff of flame hits you!
Duvessa zaps a wand.
The puff of flame hits you!
Drop what? 18/52 slots (_ for help) (? for menu, Esc to quit)
Okay, then.
Firing (i - inventory):
b - 17 arrows (quivered)
Press: ? - help, Shift-Dir - straight line, f/p - Duvessa
Aim: Duvessa, wielding a short sword and carrying a wand of flame {zapped: 8} (heavily wounded)
You shoot an arrow. The arrow hits Duvessa.
Duvessa is severely wounded.
Duvessa zaps a wand.
The puff of flame hits you!
* * * LOW HITPOINT WARNING * * *
Firing (i - inventory):
b - 16 arrows (quivered)
Press: ? - help, Shift-Dir - straight line, f/p - Duvessa
Aim: Duvessa, wielding a short sword and carrying a wand of flame {zapped: 9} (severely wounded)
You shoot an arrow. The arrow closely misses Duvessa.
Duvessa zaps a wand.
The puff of flame hits you!
You die...

###((.........##...#
(......♣♣(..#####..#
#.....♣♣P♣...# ###
###..♣♣♣.....# ###
#♣♣♣...P..e####..# #
♣♣...♣♣.##......#
##♣P.... ##e.......#
.#.P.♣.♣
#...#....#...
....P♣♣♣.....##.@.#
..♣.♣♣♣.e#..####....#
#..## #.##..# ####..#
#...##.# #..# ##
.......# #..#
.....[.# #..#
..###..# #.# ##.. #.#
.


You could see Duvessa and Dowan.

Vanquished Creatures
  The ghost of George the Chiller, a weakling MfIE (D:3)
  An iguana (D:3)
  Ijyb (D:2)
  4 adders
  4 oozes
  A worm (D:2)
  A giant gecko (D:1)
  An orc (D:3)
  A ball python (D:1)
  3 giant cockroaches
  3 hobgoblins
  8 jackals
  5 bats
  A giant newt (D:1)
  6 goblins
  7 kobolds
  11 rats
59 creatures vanquished.

Notes
Turn   | Place    | Note
--------------------------------------------------------------
     0 | D:1      | MikeDS the Centaur Hunter began the quest for the Orb.
     0 | D:1      | Reached XP level 1. HP: 17/17 MP: 1/1
    69 | D:1      | Upgraded the game from 0.17-a0-1663-gb806841 to 0.17-a0-1685-g57e755e
    84 | D:1      | Reached XP level 2. HP: 16/25 MP: 2/2
   559 | D:1      | Reached XP level 3. HP: 30/30 MP: 3/3
   923 | D:2      | Reached skill level 1 in Unarmed Combat
  1601 | D:2      | Noticed Ijyb
  1625 | D:2      | Killed Ijyb
  1625 | D:2      | Reached skill level 6 in Bows
  1625 | D:2      | Reached XP level 4. HP: 36/38 MP: 4/4
  1752 | D:3      | Noticed Grinder
  1754 | D:3      | Paralysed by Grinder for 3 turns
  1984 | D:3      | Noticed George's ghost (weakling MfIE)
  2025 | D:3      | Killed George's ghost
  2333 | D:3      | Reached XP level 5. HP: 33/45 MP: 5/5
  3482 | D:4      | Noticed Dowan
  3503 | D:4      | Noticed Duvessa
  3529 | D:4      | Killed from afar by Duvessa

Vault maps used:
D:1:      minmay_arrival_four_houses, kennysheep_nondescript
D:2:      grunt_decor_cap, uniq_iyjb
D:3:      uniq_grinder
D:4:      led_sif_pool, nemelex_xobeh_ov_fountains_minmay, lemuel_doored_altar,
          serial_forest, infiniplex_forest_zigzag_2,
          infiniplex_forest_straight_1, infiniplex_forest_end_1,
          infiniplex_forest_corner_1, infiniplex_forest_diagonal, first_bread,
          item_on_display_b, uniq_duvessa, uniq_edmund, uniq_sigmund

Action                   |  1- 3 |  4- 6 || total
-------------------------+-------+-------++-------
Melee: Unarmed           |     7 |       ||     7
 Fire: Shortbow          |   120 |   122 ||   242
  Use: Scroll            |       |     3 ||     3
       Potion            |       |     3 ||     3
  Eat: Chunk             |     1 |     3 ||     4
       Bread ration      |       |     1 ||     1
       Fruit             |       |     1 ||     1
